Map: Dusk Towers

Players

Sigil

  • Race: Zerg Zerg
  • League: Master

IlllllllIlll - Winner!

  • Race: Protoss Protoss
  • League: Master

VOD

Have the link to the VOD?

Description

Time

  • Played on: May 17, 2016, 4:12 p.m.
  • Length: 13:44
Show
View Real Time Build Order
Export as new Build Order

Sigil Zerg 

Build Orders: Hatch First 

Get SALT Encoding   

  12  0:01  Drone  
  13  0:12  Overlord  
  13  0:18  Drone  
  14  0:42  Drone x3  
  17  0:55  Hatchery  
  16  0:58  Drone  
  17  1:07  Drone  
  18  1:17  Spawning Pool  
  17  2:05  Zergling x4  
  17  2:06  Zergling x2  
  20  2:08  Spine Crawler  
  20  2:09  Zergling x2  
  20  2:20  Zergling x4  
  22  2:26  Extractor  
  19  2:38  Drone x2  
  19  2:41  Drone x2  
  22  2:55  Roach Warren  
  19  2:59  Drone  
  19  3:03  Drone  
  21  3:12  Drone x2  
  23  3:31  Overlord  
  22  3:49  Roach x2  
  22  3:53  Hatchery  
  25  3:57  Queen  
  25  4:02  Roach  
  29  4:08  Overlord  
  29  4:26  Ravager  
  29  4:27  Ravager  
  29  4:30  Drone x2  
  33  4:37  Queen  
  35  4:49  Drone x2  
  37  5:08  Queen  
  37  5:12  Overlord  
  39  5:19  Drone x3  
  42  5:23  Drone  
  42  5:24  Hatchery  
  42  5:26  Drone  
  43  5:31  Drone  
  43  5:34  Drone x2  
  46  5:42  Overlord  
  46  5:52  Overlord  
  46  5:59  Lair  
  46  6:04  Evolution Chamber  
  45  6:05  Overlord, Evolution Chamber  
  45  6:11  Drone x2  
  46  6:18  Drone x3  
  49  6:22  Drone x2  
  49  6:24  Drone  
  52  6:26  Drone  
  52  6:29  Drone  
  54  6:33  Drone x2  
  54  6:36  Drone  
  54  6:37  Drone  
  58  6:41  Drone  
  58  6:42  Drone x2  
  61  6:55  Hatchery  
  61  7:00  Zerg Ground Armor Level 1, Zerg Missile Weapons Level 1  
  60  7:02  Drone  
  60  7:03  Drone  
  60  7:04  Drone  
  60  7:05  Drone  
  60  7:07  Drone  
  65  7:10  Overlord  
  65  7:12  Overlord  
  65  7:17  Overseer  
  65  7:28  Extractor x2  
  63  7:30  Extractor  
  63  7:32  Extractor x2  
  63  7:33  Drone  
  63  7:34  Drone x12  
  73  7:41  Drone  
  74  7:53  Hydralisk Den  
  74  7:55  Drone x5  
  78  8:03  Drone  
  78  8:04  Drone  
  78  8:05  Drone  
  81  8:08  Drone x4  
  85  8:14  Spire  
  84  8:21  Drone x4  
  84  8:23  Overlord x4  
  84  8:25  Muscular Augments  
  88  8:49  Drone x7  
  88  8:50  Drone x4  
  88  8:51  Overlord x2  
  88  8:52  Overlord x3, Extractor x2  
  97  8:55  Zerg Missile Weapons Level 2, Zerg Ground Armor Level 2  
  97  8:57  Hydralisk x2  
  97  9:01  Hydralisk x2  
  97  9:02  Overseer x2  
  105  9:09  Queen  
  107  9:14  Hydralisk x4  
  115  9:19  Hydralisk x3  
  115  9:23  Hydralisk x2  
  125  9:32  Hydralisk, Zerg Flyer Weapons Level 1  
  125  9:33  Hydralisk  
  125  9:36  Hydralisk  
  125  9:37  Hydralisk  
  133  9:39  Hydralisk  
  135  9:48  Hydralisk x4  
  143  9:56  Hydralisk x4  
  151  10:06  Infestation Pit  
  150  10:08  Hydralisk  
  150  10:13  Overlord  
  152  10:31  Overlord, Queen x3  
  152  10:32  Overlord  
  152  10:33  Overlord  
  160  10:42  Hive  
  158  10:43  Hatchery  
  158  10:46  Hydralisk  
  159  10:56  Hydralisk x9  
  159  10:57  Hydralisk  
  169  10:58  Hydralisk x2  
  183  11:04  Ravager  
  183  11:06  Pneumatized Carapace  
  184  11:22  Overlord  
  184  11:23  Overlord x2  
  184  11:38  Overlord  
  184  11:39  Overlord  
  184  11:40  Queen  
  143  12:12  Corruptor x6  
  143  12:13  Corruptor x12  
  133  12:18  Metabolic Boost  
  131  12:27  Hydralisk x5  
  130  12:30  Zergling x16  
  130  12:34  Corruptor  
  130  12:36  Zergling x2  
  142  12:37  Zergling x4, Queen x3  
  142  12:40  Queen  
Show
View Real Time Build Order
Export as new Build Order

IlllllllIlll Protoss - Winner!

Build Orders: Cannon Rush 

Get SALT Encoding   

  12  0:01  Probe (Chrono Boost)  
  13  0:11  Probe (Chrono Boost)  
  14  0:17  Pylon  
  14  0:22  Probe (Chrono Boost)  
  15  0:36  Probe (Chrono Boost)  
  15  0:38  Forge  
  16  0:46  Probe (Chrono Boost)  
  18  0:57  Probe (Chrono Boost)  
  18  1:08  Pylon  
  18  1:27  Photon Cannon  
  18  1:31  Photon Cannon  
  18  1:44  Photon Cannon  
  18  1:45  Photon Cannon  
  18  1:47  Photon Cannon  
  18  1:49  Photon Cannon  
  18  1:55  Gateway  
  18  1:56  Photon Cannon  
  18  1:59  Pylon  
  18  2:01  Photon Cannon  
  18  2:07  Photon Cannon  
  18  2:36  Nexus  
  18  2:38  Photon Cannon  
  18  2:42  Probe (Chrono Boost)  
  19  2:44  Cybernetics Core  
  19  2:47  Pylon  
  19  2:50  Assimilator  
  19  2:53  Probe (Chrono Boost), Pylon  
  19  2:55  Assimilator  
  20  3:03  Probe (Chrono Boost)  
  21  3:17  Photon Cannon  
  21  3:19  Photon Cannon  
  21  3:23  Probe (Chrono Boost)  
  22  3:33  Probe (Chrono Boost)  
  23  3:36  Gateway  
  23  3:45  Mothership Core (Chrono Boost)  
  25  3:51  Probe (Chrono Boost)  
  26  4:04  Probe x2 (Chrono Boost)  
  26  4:08  Stargate  
  28  4:14  Probe (Chrono Boost)  
  28  4:15  Probe (Chrono Boost)  
  30  4:25  Probe (Chrono Boost)  
  30  4:27  Probe (Chrono Boost)  
  32  4:35  Probe (Chrono Boost)  
  33  4:39  Pylon  
  33  4:48  Probe (Chrono Boost)  
  33  4:50  Probe (Chrono Boost)  
  33  4:51  Void Ray (Chrono Boost)  
  39  4:54  Assimilator  
  39  4:58  Assimilator, Probe  
  39  5:01  Probe  
  41  5:09  Probe, Fleet Beacon  
  42  5:14  Probe  
  42  5:19  Probe  
  44  5:24  Protoss Air Weapons Level 1 (Chrono Boost)  
  44  5:26  Probe  
  45  5:30  Probe (Chrono Boost)  
  46  5:38  Probe (Chrono Boost)  
  46  5:42  Probe (Chrono Boost)  
  48  5:49  Probe (Chrono Boost)  
  49  5:50  Nexus  
  49  5:52  Probe (Chrono Boost)  
  49  5:53  Carrier (Chrono Boost)  
  50  6:02  Probe  
  57  6:09  Stargate  
  57  6:14  Probe x2  
  59  6:26  Probe x2  
  59  6:31  Stargate  
  61  6:35  Pylon x2  
  61  6:36  Assimilator  
  61  6:38  Probe  
  62  6:41  Assimilator  
  62  6:44  Pylon  
  62  6:46  Pylon  
  62  6:47  Graviton Catapult  
  62  6:53  Probe  
  63  6:57  Carrier (Chrono Boost)  
  69  7:03  Probe  
  69  7:04  Probe  
  71  7:10  Probe  
  71  7:14  Carrier (Chrono Boost)  
  78  7:25  Protoss Air Weapons Level 2  
  78  7:27  Probe x3  
  87  7:45  Carrier (Chrono Boost)  
  87  7:56  Stargate  
  87  7:57  Probe x3  
  90  8:00  Photon Cannon  
  90  8:03  Pylon  
  90  8:05  Pylon  
  90  8:07  Pylon  
  90  8:14  Carrier (Chrono Boost)  
  96  8:21  Pylon  
  96  8:34  Carrier (Chrono Boost)  
  108  8:49  Probe x3  
  108  8:55  Carrier (Chrono Boost)  
  111  8:56  Carrier (Chrono Boost)  
  117  9:07  Nexus  
  117  9:09  Pylon  
  117  9:18  Pylon  
  117  9:27  Pylon  
  117  9:28  Photon Cannon  
  117  9:29  Pylon  
  117  9:30  Carrier (Chrono Boost)  
  123  9:33  Protoss Air Weapons Level 3 (Chrono Boost), Photon Cannon, Pylon  
  123  9:36  Pylon  
  123  9:45  Probe  
  123  9:46  Probe x2  
  123  9:52  Carrier (Chrono Boost)  
  132  10:01  Assimilator  
  132  10:07  Assimilator  
  132  10:10  Protoss Shields Level 1  
  132  10:14  Carrier (Chrono Boost)  
  138  10:26  Carrier (Chrono Boost)  
  144  10:33  Gateway  
  144  10:39  Twilight Council  
  150  11:01  Photon Cannon  
  150  11:02  Carrier (Chrono Boost)  
  156  11:14  Carrier (Chrono Boost)  
  162  11:27  Dark Shrine  
  168  11:33  Carrier (Chrono Boost)  
  168  11:40  Probe  
  169  11:52  Probe  
  170  11:58  Carrier (Chrono Boost)  
  182  12:27  Carrier (Chrono Boost)  
  182  12:28  Carrier (Chrono Boost)  
  188  12:33  Stargate  
  188  12:36  Stargate  
  188  12:51  Pylon  
  188  12:52  Pylon  
  188  13:06  Robotics Facility  
Tags
 
Add a new tag
Caveats
  • Supply blocks, unpowered buildings, or Contaminate may cause inaccurate times.
  • Supply counts are checked every 10 seconds.